 Dungeon Crawl Stone Soup version 0.30.0-29-ga12c61a403 (webtiles) character file.

Game seed: 17076860418521593225

455 GimliDwarf the Basher (level 7, -1/51 HPs)
             Began as a Gnoll Wanderer on June 15, 2023.
             Succumbed to Sigmund's poison
             ... on level 4 of the Dungeon.
             The game lasted 00:10:54 (3317 turns).

GimliDwarf the Basher (Gnoll Wanderer)              Turns: 3317, Time: 00:10:55

Health: -1/51      AC: 15    Str: 12    XL:     7   Next: 5%
Magic:  10/10      EV:  4    Int: 11    God:
Gold:   176        SH:  0    Dex: 13    Spells: 10/10 levels left

rFire   . . .        w - +2 quarterstaff (chaos)
rCold   . . .        (shield currently unavailable)
rNeg    . . .        s - +0 plate armour
rPois   .            c - +0 helmet
rElec   .            x - +0 cloak
rCorr   .            (no gloves)
SInv    .            (no boots)
Will    .....        (no amulet) Stlth
                     (no ring)
HPRegen 0.28/turn    (no ring)
MPRegen 0.12/turn

%: no passive effects
@: lethally poisoned (-1 -> -15), attractive, hasted, very quick
A: fangs 1, strong nose, distributed training
a: no special abilities


You were on level 4 of the Dungeon.
You visited 1 branch of the dungeon, and saw 4 of its levels.

You collected 176 gold pieces.

Inventory:

Hand Weapons
 a - a +2 mace
 k - a +4 whip
 m - a +0 lajatang
 p - a +2 whip of electrocution
 w - a +2 quarterstaff of chaos (weapon)
Missiles
 b - 4 javelins (quivered)
Armour
 c - a +0 helmet (worn)
 j - a +0 kite shield
 s - a +0 plate armour (worn)
 x - a +0 cloak (worn)
Jewellery
 n - a ring of ice
Wands
 f - a wand of flame (6)
Scrolls
 d - a scroll of blinking
 l - a scroll of teleportation
Potions
 g - a potion of brilliance
 i - a potion of might
 t - a potion of heal wounds {unknown}
 v - a potion of mutation {unknown}


   Skills:
 + Level 2.3 Fighting
 + Level 2.3 Short Blades
 + Level 2.3 Long Blades
 + Level 2.3 Axes
 + Level 8.9 Maces & Flails
 + Level 2.3 Polearms
 + Level 5.1 Staves
 + Level 2.3 Ranged Weapons
 + Level 2.3 Throwing
 + Level 7.0 Armour
 + Level 2.3 Dodging
 + Level 3.3 Stealth
 + Level 2.3 Shields
 + Level 2.3 Unarmed Combat
 + Level 2.3 Spellcasting
 + Level 1.9 Conjurations
 + Level 1.9 Hexes
 + Level 1.9 Summonings
 + Level 1.9 Necromancy
 + Level 1.9 Translocations
 + Level 1.9 Transmutations
 + Level 1.9 Fire Magic
 + Level 1.9 Ice Magic
 + Level 1.9 Air Magic
 + Level 1.9 Earth Magic
 + Level 1.9 Poison Magic
 + Level 2.5 Invocations
 + Level 2.3 Evocations


You had 10 spell levels left.
You didn't know any spells.
Your spell library contained the following spells:

 Spells                   Type           Power      Damage    Failure   Level
 Call Canine Familiar     Summ           5%         N/A       100%        3
 Portal Projectile        Hex/Tloc       10%        N/A       100%        3
 Leda's Liquefaction      Hex/Erth       2%         N/A       100%        4


Dungeon Overview and Level Annotations

Branches:
Dungeon (4/15)
 Temple: D:4-7

Altars:


Innate Abilities, Weirdness & Mutations

You have very sharp teeth.
Your uncanny sense of smell can sniff out nearby items.
Your experience applies equally to all skills.


Message History

[Y]es or [N]o only, please.
That beam is likely to hit you.
Continue anyway?
Okay, then.
Aiming: Throw Flame
Press: ? - help, Shift-Dir - straight line The puff of flame hits something.
You feel very sick.
It was a potion of attraction.
You feel attractive to monsters.
* * * LOW HITPOINT WARNING * * *
You feel very sick. Something hits you.
* * * LOW HITPOINT WARNING * * *
Something is attracted toward you.
It was a potion of haste.
You feel yourself speed up.
* * * LOW HITPOINT WARNING * * *
You feel very sick. Something hits you but does no damage.
You are more poisoned.
Really walk into that cloud of poison gas? [Y]es or [N]o only, please.
Really walk into that cloud of poison gas?
Okay, then.
There is a lethal amount of poison in your body!
Hit: w) +2 quarterstaff (chaos)
Press: ? - help, Dir - move target You hit something.
Lightning courses through something!
* * * LOW HITPOINT WARNING * * *
You feel very sick.
Hit: w) +2 quarterstaff (chaos)
Press: ? - help, Dir - move target You hit something.
Your bite misses something.
* * * LOW HITPOINT WARNING * * *
You feel sick.
Hit: w) +2 quarterstaff (chaos)
Press: ? - help, Dir - move target You hit something.
You burn something.
Reactivating autopickup.
You feel a bit more experienced.
You die...

.......## #............# ........
§§ #§°§§☼§.....$# ........ #○#
#§§§☼○☼.@....#. #.......
#☼§####☼☼§☼§§........# ##.....##
#§○§☼§§☼☼§☼§.o.o....# #.......#
#§§§§§°○§§§....##... #.......##
#§§§§§○§§☼☼...## ..#
#........#####°☼☼§○○§§§§.#......{
##.....#.§○§§☼§☼@○☼○§°§○.#.### ..
###...##.§○§§§§§##§○○§####.# ..
###......§#§§§°###.○§## .#
.........☼§§☼§§# #..§§#
.....###.§☼###... ..#°#
..##.##..### ##.....#.°§
........## ...... .§. #......##
......# .. #...##.# ## ....


There were no monsters in sight!

Vanquished Creatures
  Sigmund (D:4)
  An ice beast (D:3)
  A black bear (D:3)
  Crazy Yiuf (D:3)
  A hound (D:4)
  Natasha (thrice) (D:3)
  Terence (D:3)
  4 adders
  An ufetubus (D:3)
  3 worms
  2 dart slugs
  An orc (D:3)
  5 ball pythons
  2 endoplasms
  5 giant cockroaches
  5 goblins
  2 hobgoblins (D:2)
  11 jackals
  3 quokkas
  3 bats
  2 frilled lizards
  11 kobolds
  5 rats
74 creatures vanquished.

Notes
Turn   | Place    | Note
-------+----------+-------------------------------------------
     0 | D:1      | GimliDwarf the Gnoll Wanderer began the quest for the Orb.
     0 | D:1      | GimliDwarf set off with the following items: a +2 mace, a
                  | +0 quarterstaff, a +0 helmet, a scroll of blinking, a +0
                  | robe.
     0 | D:1      | Reached XP level 1. HP: 13/13 MP: 1/1
   509 | D:1      | Reached XP level 2. HP: 20/20 MP: 2/2
   867 | D:2      | Reached XP level 3. HP: 23/25 MP: 3/3
   917 | D:2      | Reached skill level 1 in Invocations
  1179 | D:2      | Reached skill level 1 in Fighting
  1179 | D:2      | Reached skill level 1 in Short Blades
  1179 | D:2      | Reached skill level 1 in Long Blades
  1179 | D:2      | Reached skill level 1 in Axes
  1179 | D:2      | Reached skill level 1 in Polearms
  1179 | D:2      | Reached skill level 1 in Ranged Weapons
  1179 | D:2      | Reached skill level 1 in Throwing
  1179 | D:2      | Reached skill level 1 in Dodging
  1179 | D:2      | Reached skill level 1 in Shields
  1179 | D:2      | Reached skill level 1 in Unarmed Combat
  1179 | D:2      | Reached skill level 1 in Spellcasting
  1179 | D:2      | Reached skill level 1 in Evocations
  1456 | D:3      | Reached XP level 4. HP: 12/32 MP: 5/5
  1619 | D:3      | Noticed Terence
  1640 | D:3      | Killed Terence
  1641 | D:3      | Reached skill level 1 in Conjurations
  1641 | D:3      | Reached skill level 1 in Hexes
  1641 | D:3      | Reached skill level 1 in Summonings
  1641 | D:3      | Reached skill level 1 in Necromancy
  1641 | D:3      | Reached skill level 1 in Translocations
  1641 | D:3      | Reached skill level 1 in Transmutations
  1641 | D:3      | Reached skill level 1 in Fire Magic
  1641 | D:3      | Reached skill level 1 in Ice Magic
  1641 | D:3      | Reached skill level 1 in Air Magic
  1641 | D:3      | Reached skill level 1 in Earth Magic
  1641 | D:3      | Reached skill level 1 in Poison Magic
  1750 | D:3      | Noticed Natasha
  1776 | D:3      | Killed Natasha
  1777 | D:3      | Reached XP level 5. HP: 18/37 MP: 5/7
  1922 | D:3      | Found a runed translucent door.
  1923 | D:3      | Noticed Crazy Yiuf
  1944 | D:3      | Noticed an ice beast
  1977 | D:3      | Killed an ice beast
  2132 | D:3      | Reached XP level 6. HP: 44/44 MP: 8/8
  2196 | D:3      | Noticed Natasha
  2208 | D:3      | Killed Natasha
  2410 | D:3      | Noticed a black bear
  2440 | D:3      | Killed a black bear
  2441 | D:3      | Reached skill level 5 in Staves
  2589 | D:3      | Noticed Natasha
  2599 | D:3      | Killed Natasha
  2817 | D:3      | Killed Crazy Yiuf
  3112 | D:4      | Reached XP level 7. HP: 47/50 MP: 10/10
  3118 | D:4      | Noticed Sigmund
  3316 | D:4      | HP: 2/51 [poisoned by Sigmund]
  3317 | D:4      | Killed Sigmund
  3317 | D:4      | Succumbed to Sigmund's poison

Illustrated notes

Levels and vault maps discovered:
D:1:      nicolae_arrival_somewhat_less_tricky_arrival, layout_loops_ring
D:2:      layout_loops_cross, guppyfry_early_lair_pool
D:3:      layout_loops_ring, uniq_crazy_yiuf_cottage, uniq_terence, uniq_natasha
D:4:      layout_rooms, minmay_temple_entry_glassed_door, uniq_sigmund

Skill      XL: |  1  2  3  4  5  6  7 |
---------------+----------------------+-----
Invocations    | 1 2 |  2.5
Fighting       | 1 2 |  2.3
Short Blades   | 1 2 |  2.3
Long Blades    | 1 2 |  2.3
Axes           | 1 2 |  2.3
Polearms       | 1 2 |  2.3
Ranged Weapons | 1 2 |  2.3
Throwing       | 1 2 |  2.3
Dodging        | 1 2 |  2.3
Shields        | 1 2 |  2.3
Unarmed Combat | 1 2 |  2.3
Spellcasting   | 1 2 |  2.3
Evocations     | 1 2 |  2.3
Conjurations   | 1 |  1.9
Hexes          | 1 |  1.9
Summonings     | 1 |  1.9
Necromancy     | 1 |  1.9
Translocations | 1 |  1.9
Transmutations | 1 |  1.9
Fire Magic     | 1 |  1.9
Ice Magic      | 1 |  1.9
Air Magic      | 1 |  1.9
Earth Magic    | 1 |  1.9
Poison Magic   | 1 |  1.9
Stealth        | 3 |  3.3
Staves         | 5 |  5.1
Armour         | 7 |  7.0
Maces & Flails | |  8.9

Action                     |  1- 3 |  4- 6 |  7- 9 || total
---------------------------+-------+-------+-------++-------
  Melee: Mace              |    86 |   119 |       ||   205
         Bite              |     7 |    13 |     1 ||    21
         Quarterstaff      |       |    13 |    28 ||    41
  Throw: Javelin           |       |     4 |       ||     4
  Evoke: Wand              |       |       |     4 ||     4
    Use: Scroll            |       |     9 |     1 ||    10
         Potion            |       |       |     2 ||     2
 Armour: Ring mail         |    15 |       |       ||    15
         Robe              |     2 |       |       ||     2
         Scale mail        |    14 |     8 |       ||    22
         Chain mail        |       |    42 |       ||    42
         Plate armour      |       |    29 |    30 ||    59
  Dodge: Dodged            |    20 |    17 |     8 ||    45
  Block: Kite shield       |    16 |    48 |       ||    64
